 Dungeon Crawl Stone Soup version 0.30.0-29-ga12c61a403 (webtiles) character file.

Game seed: 2194228054235145187

37 Cheops the Digger (level 3, -4/27 HPs)
             Began as an Armataur Earth Elementalist on June 14, 2023.
             Slain by Sigmund
             ... wielding a +0 scythe
              (5 damage)
             ... on level 2 of the Dungeon.
             The game lasted 00:05:01 (1914 turns).

Cheops the Digger (Armataur Earth Elementalist)     Turns: 1914, Time: 00:05:02

Health: -4/27      AC:  4    Str: 13    XL:     3   Next: 23%
Magic:  2/6        EV:  9    Int: 17    God:
Gold:   74         SH:  0    Dex: 10    Spells: 0/6 levels left

rFire   . . .        a - +0 short sword (drain)
rCold   . . .        (no shield)
rNeg    . . .        f - +0 robe
rPois   .            (no helmet)
rElec   .            (no cloak)
rCorr   .            (no gloves)
SInv    .            (no barding)
Will    .....        (no amulet)
Stlth   ++           (no ring)
HPRegen 0.24/turn    (no ring)
MPRegen 0.10/turn

%: roll
@: no status effects
A: large, rugged brown scales 3, deformed body, armoured tail, roll, long
tongue, awkward tongue
a: no special abilities


You were on level 2 of the Dungeon.
You visited 1 branch of the dungeon, and saw 2 of its levels.

You collected 74 gold pieces.

Inventory:

Hand Weapons
 a - a +0 short sword of draining (weapon)
Armour
 f - a +0 robe (worn)
Scrolls
 c - 2 scrolls of enchant armour {unknown}
 e - 2 scrolls of blinking {unknown}
 h - 2 scrolls of magic mapping {unknown}
 j - a scroll of poison {unknown}
Potions
 b - a potion of magic
 d - a potion of flight {unknown}
 g - a potion of ambrosia {unknown}
 i - 3 potions of curing {unknown}
 k - a potion of degeneration {unknown}


   Skills:
 - Level 1.3 Dodging
 + Level 3.0 Stealth
 - Level 2.0 Spellcasting
 - Level 0.8 Transmutations
 * Level 3.5 Earth Magic


You couldn't memorise any spells.
You knew the following spells:

 Your Spells              Type           Power      Damage    Failure   Level
a - Sandblast             Erth           26%        2d8       4%          1
b - Stone Arrow           Conj/Erth      14%        3d7       28%         3
P - Passwall              Tmut/Erth      7%         N/A       12%         2

Your spell library contained the following spells:

 Spells                   Type           Power      Damage    Failure   Level
 Petrify                  Tmut/Erth      9%         N/A       61%         4


Dungeon Overview and Level Annotations

Branches:
Dungeon (2/15)

Altars:

Shops:
D:1 ?

Annotations:
D:2 Sigmund


Innate Abilities, Weirdness & Mutations

You are completely covered in rugged brown scales. (AC +3, +7% HP)
Armour fits poorly on your strangely shaped body.
You have a long armoured tail.
You roll when moving toward enemies. (Rampage)
Your long tongue fully drains potion bottles. (2x potion effects)
Your tongue gives you trouble enunciating. (1.5x scroll delay)


Message History

Sigmund points at you and mumbles some strange words.
You are confused.
You bump into the rock wall.
Sigmund mumbles some strange words.
Sigmund flickers and vanishes!
Deactivating autopickup; reactivate with Ctrl-A.
You bump into the rock wall.
A puff of flame appears from out of thin air!
The puff of flame hits you!
You bump into the rock wall.
You feel less confused.
Casting: Sandblast (safe; 4% risk of failure)
Confirm with . or Enter, or press ? or * to list all spells.
Aiming: Sandblast (safe; 4% risk of failure)
Press: ? - help, Shift-Dir - straight line, f - hobgoblin
Aim: a hobgoblin (82% to hit)
The blast of sand hits something!
Something hits you.
Casting: Sandblast (safe; 4% risk of failure)
Confirm with . or Enter, or press ? or * to list all spells.
Aiming: Sandblast (safe; 4% risk of failure)
Press: ? - help, Shift-Dir - straight line, f/p - hobgoblin
Aim: a hobgoblin (82% to hit)
The blast of sand hits something.
Something hits you!
* * * LOW HITPOINT WARNING * * *
Casting: Sandblast (safe; 4% risk of failure)
Confirm with . or Enter, or press ? or * to list all spells.
Aiming: Sandblast (safe; 4% risk of failure)
Press: ? - help, Shift-Dir - straight line, f/p - hobgoblin
Aim: a hobgoblin (82% to hit)
The blast of sand hits something but does no damage.
The frilled lizard hisses angrily.
Something hits you!
* * * LOW HITPOINT WARNING * * *
Casting: Sandblast (safe; 4% risk of failure)
Confirm with . or Enter, or press ? or * to list all spells.
Aiming: Sandblast (safe; 4% risk of failure)
Press: ? - help, Shift-Dir - straight line, f/p - hobgoblin
Aim: a hobgoblin (82% to hit)
The blast of sand hits something!
Something hits you.
You die...

### ###########.#
#...........#
#.#########.#
#.#.......#.#
#@#.#####.#.# #.#.#
#.#.# ########{#.#
#.#.#
.......#g#.#####.#.#
.l.....#l#.....#.#.#
.......#.#####.#.#.#
.......#.........#.#
...........>##.###.##
##....
..............<.....#


You could see a hobgoblin and a frilled lizard.

Vanquished Creatures
  3 dart slugs
  2 ball pythons (D:1)
  2 endoplasms (D:1)
  3 goblins (D:1)
  2 hobgoblins
  4 jackals (D:2)
  A quokka (D:2)
  2 bats
  3 frilled lizards (D:1)
  2 kobolds (D:1)
  6 rats
30 creatures vanquished.

Notes
Turn   | Place    | Note
-------+----------+-------------------------------------------
     0 | D:1      | Cheops the Armataur Earth Elementalist began the quest for
                  | the Orb.
     0 | D:1      | Reached XP level 1. HP: 14/14 MP: 3/3
   147 | D:1      | Found Iwuymept's Magic Scroll Shop.
   481 | D:1      | Reached XP level 2. HP: 19/21 MP: 1/5
  1164 | D:1      | Learned a level 2 spell: Passwall
  1443 | D:2      | Reached XP level 3. HP: 27/27 MP: 3/6
  1447 | D:2      | Learned a level 3 spell: Stone Arrow
  1895 | D:2      | Noticed Sigmund
  1913 | D:2      | HP: 1/27 [something (10)]
  1914 | D:2      | Slain by Sigmund

Illustrated notes

Levels and vault maps discovered:
D:1:      elethiomel_arrival_maze, layout_loops_corners, serial_shops,
          nicolae_shop_advertising_works [nicolae_subvault_shop_adworks]
D:2:      layout_basic, uniq_sigmund

Skill      XL: |  1  2  3 |
---------------+----------+-----
Spellcasting   | 2 |  2.0
Earth Magic    | 3 |  3.5
Stealth        | 3 |  3.0
Dodging        | |  1.3
Transmutations | |  0.8

Action                     || total
---------------------------++-------
  Melee: Unarmed           ||     1
         Short sword       ||     7
   Cast: Sandblast         ||    48
 Armour: Robe              ||     4
  Dodge: Dodged            ||    10
